 Dungeon Crawl Stone Soup version 0.31-a0-1002-g8e65716e6e (webtiles) character file.

Game seed: 2908766771811000181

84 BinkBink the Shooter (level 4, -10/28 HPs)
             Began as a Tengu Hunter on Nov 9, 2023.
             Killed from afar by a white imp (13 damage)
             ... with a puff of frost
             ... summoned by Eustachio
             ... on level 4 of the Dungeon.
             The game lasted 00:01:11 (916 turns).

BinkBink the Shooter (Tengu Hunter)                  Turns: 916, Time: 00:01:12

Health: -10/28     AC:  0    Str: 12    XL:     4   Next: 45%
Magic:  5/5        EV: 12    Int:  9    God:
Gold:   34         SH:  0    Dex: 19    Spells: 3/3 levels left

rFire   . . .        a - +0 shortbow
rCold   . . .        (shield currently unavailable)
rNeg    . . .        (no body armour)
rPois   .            (helmet restricted)
rElec   .            (no cloak)
rCorr   .            (no gloves)
SInv    .            (boots unavailable)
Will    .....        (no amulet)
Stlth   ++           (no ring)
HPRegen 0.24/turn    (no ring)
MPRegen 0.09/turn

%: acrobat
@: no status effects
A: beak, talons 3, acrobatic
a: no special abilities


You were on level 4 of the Dungeon.
You visited 2 branches of the dungeon, and saw 4 of its levels.

You collected 34 gold pieces.

Inventory:

Hand Weapons
 a - a +0 shortbow (weapon)
Jewellery
 k - an amulet of guardian spirit
Scrolls
 b - a scroll of butterflies
 e - 2 scrolls of identify {unknown}
 f - a scroll of revelation {unknown}
 g - a scroll of amnesia {unknown}
 j - a scroll of teleportation {unknown}
Potions
 c - 3 potions of degeneration {unknown}
 d - a potion of enlightenment {unknown}
 h - a potion of curing {unknown}
 i - a potion of mutation {unknown}


   Skills:
 + Level 3.0 Fighting
 * Level 5.8 Ranged Weapons
 - Level 2.1 Dodging
 - Level 1.0 Stealth


You had 3 spell levels left.
You didn't know any spells.
Your spell library contained the following spells:

 Spells                   Type           Power      Damage    Failure   Level
 Summon Small Mammal      Summ           0%         N/A       38%         1
 Call Canine Familiar     Summ           0%         N/A       77%         3
 Summon Guardian Golem    Hex/Summ       0%         N/A       77%         3


Dungeon Overview and Level Annotations

Branches:
Dungeon (4/15)             Temple (1/1) D:4

Altars:
Ashenzari
Cheibriados
Elyvilon
Fedhas
Kikubaaqudgha
Makhleb
Nemelex Xobeh
Okawaru
Qazlal
Ru
Sif Muna
Uskayaw
Vehumet
Xom
Yredelemnul
Zin

Annotations:
D:4 Eustachio


Innate Abilities, Weirdness & Mutations

You have a beak for a mouth.
You have claws for feet.
You can magically evade attacks while moving or waiting.


Message History

There is a broken altar of Ashenzari here.
There is a staircase back to the Dungeon here.
Found an iron altar of Okawaru.
There is a staircase back to the Dungeon here.
You can't go down here!
You climb upwards.
Welcome back to the Dungeon!
Level annotation: Eustachio
There is a staircase to the Ecumenical Temple here.
Eustachio gestures wildly while chanting.
Eustachio blinks!
You shoot an arrow. The arrow barely misses Eustachio.
Eustachio casts a spell.
You shoot an arrow. The arrow hits the iron imp!
The iron imp is heavily wounded.
You shoot an arrow.
The arrow hits the iron imp but does no damage.
The iron imp is heavily wounded.
You shoot an arrow. The arrow hits the iron imp.
The iron imp is severely wounded.
The iron imp hits you.
Eustachio says, "Summoning is fun!"
Eustachio mumbles some strange words.
Eustachio blinks!
You shoot an arrow. The arrow hits the iron imp.
The iron imp is almost dead.
The iron imp hits you! The white imp hits you. The white imp freezes you.
The white imp gestures at you. The puff of frost misses you.
The white imp gestures at you. The puff of frost misses you.
The iron imp disappears for a moment.
The white imp gestures at you. The puff of frost hits you!
* * * LOW HITPOINT WARNING * * *
There is a staircase to the Ecumenical Temple here.
You can't go up here!
The white imp shouts, "Run away, thou dissembling clapper-clawed vassal!"
The white imp gestures at you. The puff of frost hits you!
You die...

#.####...#....# .
#.##...#.#.##.## ...
#.#..#.........####....
##.#.#..#.....#!....@...
#......##...5.##5.##...
##.....##[.#.#..##..# #
#....†##..##.##..##.#.#
......##.....##...##......#
###### #..).)...@.......###
##....##...##....#
#.##..##.##.)##..#
#..##))#.#..##...# ....
#)....# ....# ...... .....
....# ..##......... .....#
....##...


You could see a white imp (summoned).

Vanquished Creatures
  A scorpion (D:4)
  4 orcs (D:4)
  2 bats (D:1)
  2 endoplasms (D:1)
  A kobold (D:4)
  4 ball pythons
  A frilled lizard (D:1)
  A rat (D:1)
16 creatures vanquished.

Notes
Turn   | Place    | Note
-------+----------+-------------------------------------------
     0 | D:1      | BinkBink the Tengu Hunter began the quest for the Orb.
     0 | D:1      | Reached XP level 1. HP: 12/12 MP: 2/2
   416 | D:1      | Reached XP level 2. HP: 17/17 MP: 3/3
   777 | D:2      | You fall into a shaft and drop 2 floors!
   801 | D:4      | Reached skill level 5 in Ranged Weapons
   805 | D:4      | Noticed a scorpion
   814 | D:4      | Killed a scorpion
   815 | D:4      | Reached XP level 3. HP: 20/23 MP: 4/4
   815 | D:4      | Reached XP level 4. HP: 24/28 MP: 5/5
   831 | D:4      | Found a staircase to the Ecumenical Temple.
   852 | D:4      | Noticed Eustachio
   862 | Temple   | Entered the Ecumenical Temple
   916 | D:4      | Killed from afar by a white imp

Illustrated notes

Levels and vault maps discovered:
D:1:      matt_arrival_los_fun, layout_basic
D:2:      layout_basic
D:4:      layout_rooms, minmay_temple_entry_waves, uniq_menkaure, uniq_pikel,
          uniq_grinder, uniq_eustachio
Temple:   nicolae_temple_slightly_damp_pantheon

Skill      XL: |  1  2 |
---------------+-------+-----
Ranged Weapons | 5 |  5.8
Fighting       | 3 |  3.0
Dodging        | |  2.1
Stealth        | |  1.0

Action                     |  1- 3 |  4- 6 || total
---------------------------+-------+-------++-------
   Fire: Shortbow          |    39 |     6 ||    45
 Armour: Skin              |     4 |     5 ||     9
  Dodge: Dodged            |     8 |     2 ||    10

Table legend: (Time is in decaauts)
 A = Elapsed time spent in this place.
 B = Non-inter-level travel time spent in this place.
 C = Inter-level travel time spent in this place.
 D = Time resting spent in this place.
 E = Time spent auto-exploring this place.
 F = Levels seen in this place.
 G = Mean time per level.
                   A        B        C        D        E       F      G
               +--------+--------+--------+--------+--------+-----+--------+
         Total |    923 |    864 |     59 |      0 |    748 |   4 |  230.8 |
       Dungeon |    887 |    862 |     25 |      0 |    748 |   3 |  295.7 |
        Temple |     35 |      1 |     34 |      0 |      0 |   1 |   35.0 |
               +--------+--------+--------+--------+--------+-----+--------+

Top non-repeatable levels by time:
     D:1: 725 daAuts
     D:4: 108 daAuts
     D:2: 53 daAuts
  Temple: 35 daAuts
